 Dungeon Crawl Stone Soup version 0.20.0-4-g10b340a (webtiles) character file.

67 Ashiichan the Firebug (level 4, -4/33 HPs)
             Began as a Draconian Fire Elementalist on May 27, 2017.
             Slain by sreda's ghost (15 damage)
             ... on level 3 of the Dungeon.
             The game lasted 00:13:24 (2790 turns).

Ashiichan the Firebug (Draconian Fire Elementalist) Turns: 2790, Time: 00:13:25

Health: -4/33      AC:  5    Str: 10    XL:     4   Next: 0%
Magic:  4/7        EV: 12    Int: 16    God:
Gold:   143        SH:  0    Dex: 12    Spells: 2/8 levels left

rFire    . . .     SeeInvis .   (no weapon)
rCold    . . .     Gourm    .   (no shield)
rNeg     . . .     Faith    .   (armour unavailable)
rPois    .         Spirit   .   (helmet restricted)
rElec    .         Reflect  .   (no cloak)
rCorr    .         Harm     .   (no gloves)
MR       .....                  (no boots)
Stlth    ++........             (no amulet)
Regen    0.2/turn               (no ring)
MPRegen  0.1/turn               (no ring)

@: about to teleport
A: unfitting armour, cold-blooded, AC +5
a: no special abilities


You were on level 3 of the Dungeon.
You were not hungry.

You visited 1 branch of the dungeon, and saw 4 of its levels.

You collected 143 gold pieces.

Inventory:

Hand Weapons
 f - a +0 whip
 g - a +0 whip
 m - a +0 short sword
 s - a +0 mace
Missiles
 p - 35 arrows
Armour
 c - a +0 robe
 j - a +0 robe
 l - a +1 hat
 o - a +0 helmet
 q - a +0 pair of boots
 u - a +0 pair of boots
Jewellery
 t - an uncursed ring of protection from cold {unknown}
Wands
 x - a wand of paralysis (9/24)
Scrolls
 e - a scroll of teleportation
 h - a scroll of amnesia {unknown}
 i - a scroll of remove curse {unknown}
 k - a scroll of fear {unknown}
 n - a scroll of fog {unknown}
 y - a scroll of blinking {unknown}
Potions
 d - 3 potions of curing {unknown}
 w - a potion of flight {unknown}
Books
 a - a book of Flames

   Spells                             Type                      Level
   a - Flame Tongue                   Conjuration/Fire             1
   b - Throw Flame                    Conjuration/Fire             2
   c - Conjure Flame                  Conjuration/Fire             3
   d - Inner Flame                    Hexes/Fire                   3
   e - Sticky Flame                   Conjuration/Fire             4
   f - Fireball                       Conjuration/Fire             5
Comestibles
 b - 2 bread rations
 r - a meat ration
 v - a royal jelly
 z - 3 chunks of flesh


   Skills:
 + Level 2.2 Dodging
 + Level 2.1 Stealth
 + Level 0.4 Unarmed Combat
 + Level 2.6 Spellcasting
 + Level 1.6 Conjurations
 + Level 3.6 Fire Magic


You had 2 spell levels left.
You knew the following spells:

 Your Spells              Type           Power        Failure   Level  Hunger
a - Flame Tongue          Conj/Fire      ##...        7%          1    #......
b - Throw Flame           Conj/Fire      ##....       10%         2    ##.....
c - Conjure Flame         Conj/Fire      ##......     21%         3    ###....


Dungeon Overview and Level Annotations

Branches:
Dungeon (4/15)
 Temple: D:4-7

Altars:
Hepliaklqana
Xom

Shops:
D:4 [

Annotations:
D:3 Crazy Yiuf; sreda's ghost, amateur OgGl


Innate Abilities, Weirdness & Mutations

Your plain brown scales are hard. (AC +5)
You cannot fit into any form of body armour.
You are cold-blooded and may be slowed by cold attacks.


Message History

The flame tongue hits sreda's ghost.
Sreda's ghost is lightly damaged.
Sreda's ghost barely misses you.
Casting: Flame Tongue
Confirm with . or Enter, or press ? or * to list all spells.
Aiming: Flame Tongue
Press: ? - help, Shift-Dir - straight line, f/p - sreda's ghost
Aim: sreda's ghost (lightly damaged)
The flame tongue misses sreda's ghost.
Sreda's ghost hits you!
Casting: Flame Tongue
Confirm with . or Enter, or press ? or * to list all spells.
Aiming: Flame Tongue
Press: ? - help, Shift-Dir - straight line, f/p - sreda's ghost
Aim: sreda's ghost (lightly damaged)
The flame tongue hits sreda's ghost.
Sreda's ghost is lightly damaged.
Sreda's ghost hits you!
As you read the scroll of teleportation, it crumbles to dust.
You feel strangely unstable. Sreda's ghost hits you!
You die...

#.# #.......# ♣.♣♣ ### #.#
#.##....# ♣♣.♣ #<# ##.#
#.##)...# ♣♣.♣♣ #.#
##..###.##.#..# ♣♣...♣ #>#
#.<........##.# ♣..PP♣ #)#
##.##########.# ##..## #.#
##...## #.# #....# #.#
#.#.#.# ##W## #...## #.#
##...## ##..@####.## #.#
##.## ##.....###.#####.#
#..## ##.......##.......#
####...####.........###....##
..........+.........'.......#
.###...####.........###....##
.##....# ##.......##
#.#.####### .##....#
##.....## #..........
.##....# ##...## #..#######.


You could see sreda's ghost.

Vanquished Creatures
  2 adders (D:2)
  A worm (D:2)
  2 dart slugs
  A leopard gecko (D:2)
  An orc (D:3)
  A goblin (D:3)
  5 hobgoblins
  6 jackals
  6 kobolds
  A quokka (D:2)
  3 bats
  5 frilled lizards
  7 rats
41 creatures vanquished.

Notes
Turn   | Place    | Note
-------+----------+-------------------------------------------
     0 | D:1      | Ashiichan the Draconian Fire Elementalist began the quest for the Orb.
     0 | D:1      | Reached XP level 1. HP: 14/14 MP: 3/3
   459 | D:1      | Reached XP level 2. HP: 20/20 MP: 1/5
   466 | D:1      | Learned a level 2 spell: Throw Flame
  1183 | D:2      | Reached XP level 3. HP: 26/26 MP: 2/6
  1908 | D:3      | Found a runed door.
  1912 | D:3      | Noticed Crazy Yiuf
  2225 | D:3      | Noticed sreda's ghost (amateur OgGl)
  2574 | D:3      | Found a shimmering altar of Xom.
  2576 | D:3      | Found a hazy altar of Hepliaklqana.
  2576 | D:3      | Noticed a wyvern
  2728 | D:4      | Found Zoqaff's Armour Shoppe.
  2739 | D:3      | Reached XP level 4. HP: 30/33 MP: 5/7
  2744 | D:3      | Learned a level 3 spell: Conjure Flame
  2790 | D:3      | Slain by sreda's ghost

Skill      XL: |  1  2  3 |
---------------+----------+-----
Dodging        | 2 |  2.2
Stealth        | 2 |  2.1
Unarmed Combat | |  0.4
Spellcasting   | |  2.6
Conjurations   | |  1.6
Fire Magic     | |  3.6

Action                   |  1- 3 |  4- 6 || total
-------------------------+-------+-------++-------
Melee: Unarmed           |    11 |       ||    11
       Tailslap          |     1 |       ||     1
 Cast: Flame Tongue      |    74 |     4 ||    78
  Use: Scroll            |     2 |     1 ||     3
  Eat: Chunk             |     1 |     1 ||     2
       Meat ration       |     1 |       ||     1
Armor: Skin              |    44 |       ||    44
Dodge: Dodged            |    65 |     1 ||    66
